Map: Temple gelé

Players

Niran - Winner!

  • Race: Protoss Protoss
  • League: Gold
  • Spawn Location: 11:00

zidar

  • Race: Zerg Zerg
  • League: Platinum
  • Spawn Location: 5:00

VOD

Have the link to the VOD?

Description

Time

  • Played on: Nov. 14, 2016, 11:09 a.m.
  • Length: 17:03
Show
View Real Time Build Order
Export as new Build Order

Niran Protoss - Winner!

Build Orders:  

Get SALT Encoding   

  12  0:00  Probe (Chrono Boost)  
  13  0:11  Probe (Chrono Boost)  
  14  0:23  Pylon  
  14  0:26  Probe (Chrono Boost)  
  15  0:41  Probe (Chrono Boost)  
  16  0:44  Gateway  
  16  0:52  Probe (Chrono Boost)  
  17  1:07  Pylon  
  17  1:10  Assimilator  
  17  1:13  Assimilator  
  17  1:31  Pylon  
  17  1:35  Probe (Chrono Boost)  
  18  1:45  Probe (Chrono Boost)  
  19  1:48  Cybernetics Core  
  19  1:56  Probe (Chrono Boost)  
  20  2:06  Probe (Chrono Boost)  
  21  2:17  Probe (Chrono Boost)  
  21  2:18  Pylon  
  22  2:23  Gateway  
  22  2:25  Warp Gate (Chrono Boost)  
  22  2:27  Probe (Chrono Boost)  
  23  2:31  Adept  
  25  2:39  Mothership Core  
  27  2:55  Pylon  
  27  2:58  Adept  
  29  3:20  Stalker  
  29  3:25  Stalker  
  33  3:34  Pylon  
  33  3:51  Nexus  
  33  3:56  Pylon  
  33  4:02  Stargate  
  32  4:54  Forge  
  32  4:55  Probe, Assimilator  
  32  4:57  Oracle (Chrono Boost), Assimilator  
  36  5:07  Probe  
  37  5:20  Probe  
  38  5:30  Oracle (Chrono Boost)  
  38  5:32  Probe x2  
  43  5:35  Zealot  
  43  5:36  Zealot  
  43  5:41  Pylon  
  43  5:42  Probe  
  47  5:44  Probe, Photon Cannon  
  49  5:53  Probe  
  49  5:56  Probe  
  49  6:03  Probe  
  49  6:06  Oracle (Chrono Boost)  
  49  6:08  Probe  
  51  6:13  Stalker x2  
  55  6:18  Probe  
  55  6:19  Twilight Council  
  55  6:20  Probe  
  57  6:29  Probe  
  57  6:32  Probe  
  59  6:37  Zealot x2  
  57  6:44  Probe  
  57  6:45  Probe  
  54  6:55  Probe  
  54  6:58  Probe  
  56  7:06  Probe  
  57  7:10  Probe  
  58  7:22  Probe  
  59  7:29  Zealot x2  
  63  7:49  Probe  
  63  7:51  Probe  
  65  8:00  Probe  
  65  8:03  Probe  
  67  8:06  Blink (Chrono Boost)  
  67  8:09  Protoss Shields Level 1  
  67  8:10  Stalker x2  
  67  8:11  Probe  
  72  8:13  Fleet Beacon  
  72  8:15  Probe, Gateway  
  72  8:18  Gateway  
  73  8:21  Probe  
  73  8:22  Pylon  
  74  8:27  Probe  
  75  8:39  Stalker  
  75  8:40  Stalker  
  76  9:04  Nexus  
  76  9:05  Probe  
  76  9:06  Pylon  
  76  9:09  Pylon  
  77  9:16  Probe  
  77  9:18  Stalker  
  77  9:19  Stalker x2  
  84  9:26  Probe  
  85  9:34  Stalker  
  85  9:37  Probe  
  85  9:38  Probe  
  89  9:48  Probe  
  89  9:50  Probe  
  89  9:51  Forge  
  91  9:53  Assimilator  
  91  9:55  Assimilator  
  91  9:58  Probe  
  91  10:00  Oracle  
  91  10:02  Probe  
  91  10:05  Stalker  
  98  10:14  Probe  
  98  10:17  Protoss Ground Weapons Level 1  
  99  10:25  Protoss Ground Armor Level 1  
  99  10:26  Charge (Chrono Boost)  
  99  10:35  Oracle  
  99  10:39  Robotics Facility, Probe x2  
  99  10:40  Probe, Photon Cannon  
  105  10:45  Stalker  
  105  10:48  Stalker  
  105  10:49  Probe  
  109  10:52  Probe  
  111  11:18  Stalker  
  111  11:19  Stalker x3  
  119  11:28  Observer (Chrono Boost)  
  121  11:47  Observer (Chrono Boost), Robotics Bay  
  121  11:49  Gateway x2  
  121  11:51  Gateway  
  121  11:56  Zealot x2  
  121  11:57  Gateway  
  125  12:02  Dark Shrine  
  125  12:05  Pylon  
  125  12:06  Pylon  
  125  12:07  Pylon  
  103  12:16  Zealot x2  
  103  12:17  Zealot x2  
  106  12:37  Zealot  
  106  12:38  Zealot x3  
  88  13:08  Protoss Shields Level 2 (Chrono Boost)  
  88  13:14  Extended Thermal Lance  
  88  13:19  Colossus (Chrono Boost)  
  94  13:29  Protoss Ground Weapons Level 2 (Chrono Boost)  
  94  13:31  Stalker x5  
  94  13:32  Stalker x3  
  104  14:02  Colossus (Chrono Boost)  
  110  14:11  Dark Templar x6  
  110  14:12  Dark Templar x2  
  110  14:15  Archon x3  
  110  14:16  Archon  
  126  14:29  Nexus  
  126  14:32  Pylon  
  126  14:34  Pylon  
  126  14:44  Dark Templar x7  
  126  14:45  Dark Templar  
  142  14:47  Archon  
  142  14:48  Archon x3  
  142  15:01  Photon Cannon  
  142  15:03  Assimilator  
  142  15:05  Assimilator  
  142  15:16  Zealot  
  142  15:17  Zealot x7  
  134  15:38  Dark Templar  
  134  15:39  Dark Templar x5  
  106  15:56  Archon x2  
  106  15:57  Archon  
  106  16:17  Zealot x3  
  106  16:18  Zealot x4  
  120  16:21  Zealot  
  128  16:41  Zealot  
Show
View Real Time Build Order
Export as new Build Order

zidar Zerg 

Build Orders: Pool First 

Get SALT Encoding   

  12  0:01  Drone  
  13  0:12  Overlord  
  13  0:18  Drone  
  14  0:31  Drone x2  
  16  0:45  Spawning Pool  
  16  0:49  Drone  
  16  1:20  Hatchery  
  15  1:27  Drone  
  15  1:29  Extractor  
  15  1:35  Queen  
  17  1:41  Drone  
  17  1:43  Drone  
  19  2:01  Zergling x2  
  19  2:02  Zergling x2  
  21  2:24  Overlord  
  21  2:29  Metabolic Boost  
  21  2:31  Queen  
  23  2:45  Drone x3  
  23  2:48  Drone x3  
  28  3:29  Evolution Chamber  
  27  3:35  Drone x6  
  33  3:43  Overlord  
  33  3:44  Overlord  
  34  3:55  Zergling x2  
  34  3:56  Zergling x4  
  33  4:32  Hatchery  
  30  4:45  Baneling Nest  
  29  4:48  Zergling x16  
  37  5:00  Lair  
  37  5:03  Extractor  
  37  5:06  Extractor  
  34  5:33  Zergling x2  
  34  5:34  Zergling x18  
  30  6:07  Drone x3  
  27  6:42  Zergling x24  
  35  6:48  Queen  
  35  6:50  Drone x7  
  42  7:27  Hydralisk Den  
  35  7:36  Drone x13  
  44  7:37  Drone  
  45  7:45  Spore Crawler  
  45  7:47  Drone  
  45  7:56  Spore Crawler  
  44  8:06  Baneling x6  
  44  8:09  Drone  
  45  8:13  Drone x3  
  45  8:18  Hydralisk x2  
  52  8:24  Hydralisk  
  53  8:40  Drone x5  
  57  8:52  Drone  
  58  8:55  Overlord  
  58  8:56  Overlord x2  
  58  9:09  Zerg Missile Weapons Level 1  
  58  9:13  Centrifical Hooks  
  59  9:17  Drone x6  
  59  9:23  Drone x3  
  66  9:34  Drone x3  
  69  9:44  Drone x8  
  69  9:45  Drone  
  78  9:50  Spore Crawler  
  77  9:56  Extractor  
  77  9:58  Extractor  
  75  10:05  Extractor, Drone x2  
  76  10:19  Overseer  
  76  10:23  Hydralisk  
  76  10:24  Hydralisk x2  
  76  10:26  Overlord  
  76  10:27  Overlord x3  
  82  10:51  Hydralisk  
  82  10:52  Hydralisk x12  
  82  10:53  Hydralisk  
  110  11:03  Overlord x3  
  110  11:16  Muscular Augments  
  110  11:22  Pneumatized Carapace  
  110  11:25  Drone  
  110  11:26  Drone x2  
  110  11:30  Drone x2  
  110  11:31  Drone x2  
  117  11:57  Hatchery  
  102  12:18  Hydralisk x12  
  102  12:19  Hydralisk x2  
  92  13:02  Hydralisk  
  92  13:03  Hydralisk x14  
  122  13:07  Overlord x2  
  122  13:20  Overlord x2  
  122  13:21  Overlord  
  122  13:30  Zergling x10  
  127  13:34  Lurker Den  
  127  13:36  Zerg Missile Weapons Level 2  
  127  13:40  Zergling x8  
  125  14:10  Zergling x12  
  125  14:11  Zergling x12  
  125  14:12  Baneling  
  125  14:13  Baneling x7  
  137  14:33  Baneling x14  
  137  14:34  Baneling  
  137  14:35  Baneling  
  137  14:38  Hydralisk x10  
  137  14:39  Hydralisk  
  159  14:45  Extractor  
  159  14:46  Extractor  
  157  14:55  Infestation Pit  
  96  15:49  Hydralisk  
  59  15:50  Hydralisk x17  
  59  15:52  Zergling x12  
  97  16:27  Zergling x30  
  97  16:30  Baneling x4  
  97  16:31  Baneling x8  
  112  16:43  Drone  
Tags
 
Matchup
PvZ
Opening
Pool First
Spawn Locations
Cross Positions
Add a new tag
Caveats
  • Supply blocks, unpowered buildings, or Contaminate may cause inaccurate times.
  • Supply counts are checked every 10 seconds.